 Dungeon Crawl Stone Soup version 0.29-a0-356-g7bc237e783 (webtiles) character file.

Game seed: 3564479818478563503

66 zeratav the Chopper (level 3, -1/29 HPs)
             Began as a Demonspawn Monk on Apr 25, 2022.
             Slain by an adder (3 damage)
             ... on level 3 of the Dungeon.
             The game lasted 00:04:40 (3241 turns).

zeratav the Chopper (Demonspawn Monk)               Turns: 3241, Time: 00:04:40

Health: -1/29      AC:  2    Str: 13    XL:     3   Next: 96%
Magic:  3/3        EV: 12    Int: 11    God:
Gold:   99         SH:  0    Dex: 15    Spells: 2/2 levels left

rFire   + . .      SeeInvis .   a - +0 hand axe {axe}
rCold   + . .      Faith    .   (no shield)
rNeg    . . .      Spirit   .   b - +0 robe
rPois   .          Reflect  .   (helmet restricted)
rElec   .          Harm     .   (no cloak)
rCorr   .          Rampage  .   (no gloves)
Will    .....                   (no boots)
Stlth   ++........              (no amulet)
HPRegen 0.09/turn               m - ring of protection from fire
MPRegen 0.08/turn               p - ring of protection from cold

@: no status effects
A: hooves 1, horns 1
a: no special abilities


You were on level 3 of the Dungeon.
You visited 1 branch of the dungeon, and saw 3 of its levels.

You collected 99 gold pieces.


Innate Abilities, Weirdness & Mutations

You have large cloven feet.
You have a pair of small horns on your head.


   Skills:
 - Level 3.0 Fighting
 + Level 4.4 Axes
 - Level 2.6 Dodging
 - Level 1.7 Stealth


You had 2 spell levels left.
You didn't know any spells.
Your spell library contained the following spells:

 Spells                   Type           Power      Damage    Failure   Level
 Inner Flame              Hex/Fire       0%         N/A       71%         3
 Cause Fear               Hex            0%         N/A       98%         4
 Malign Gateway           Summ/Tloc      0%         N/A       100%        7
 Discord                  Hex            0%         N/A       100%        8
 Summon Horrible Things   Summ           0%         N/A       100%        8

Inventory:

Hand Weapons
 a - a +0 hand axe (weapon) {axe}
 q - a +2 dagger of venom {short}
   (You took it off a kobold on level 3 of the Dungeon)
Armour
 b - a +0 robe (worn)
 i - a +0 leather armour
   (You found it on level 2 of the Dungeon)
 n - a +0 robe
   (You found it on level 2 of the Dungeon)
 o - a +0 robe
   (You found it on level 3 of the Dungeon)
Jewellery
 m - a ring of protection from fire (left hand)
   (You found it on level 2 of the Dungeon)
 p - a ring of protection from cold (right hand)
   (You found it on level 3 of the Dungeon)
Scrolls
 h - 2 scrolls of teleportation {unknown}
 j - a scroll of fog {unknown}
 l - a scroll of acquirement {unknown}
 s - a scroll of magic mapping {unknown}
Potions
 c - 4 potions of ambrosia
 d - 5 potions of curing {unknown}
 e - a potion of cancellation {unknown}
 f - a potion of haste {unknown}
 g - a potion of heal wounds {unknown}
 k - a potion of lignification {unknown}
 r - a potion of brilliance {unknown}

Dungeon Overview and Level Annotations

Branches:
Dungeon (3/15)

Altars:

Shops:
D:1

! #### ###>S.###
# ....... #####.#
....... ......#
..... ##.####
#...# #.####
#...# #....#
#.l.# #.##.# #S#
#.##.# #@# #.##.#
#.# #.##.# #.#
..##.##########.#
####............#
##############


You could see an adder and a frilled lizard.


Message History

An ogre comes into view. It is wielding a +0 giant spiked club.
You see here a staff of conjuration {@e2staff}.
You see here a staff of conjuration {@e2staff}.
s - a scroll labelled ECRAYCVAURA
There is a stone staircase leading down here.
Things that are here:
a +0 rapier {short}; 18 stones {throwing} An endoplasm comes into view.
The endoplasm quivers.
An endoplasm is nearby!
The endoplasm freezes you.
You are frozen.
You resist.
You hit the endoplasm. The endoplasm closely misses you.
You hit the endoplasm. You kick the endoplasm.
You kill the endoplasm!
No target in view!
No target in view!
No target in view!
No target in view!
No target in view!
No target in view!
No target in view!
No target in view!
No target in view!
No target in view!
No target in view!
No target in view!
No target in view!
No target in view!
You see here 3 poisoned darts {throwing}.
d - 5 black potions (gained 1)
A kobold comes into view. It is wielding a +0 short sword.
The kobold shouts!
The kobold barely misses you.
You hit the kobold but do no damage. You kick the kobold.
The kobold hits you with a +0 short sword.
HP[-1]
You take 1 damage, and now have 28/29 hp.
You hit the kobold.
You kill the kobold!
HP[+1]
Your hp is fully restored (29).
No target in view!
No target in view!
No target in view!
No target in view!
No target in view!
No target in view!
No target in view!
No target in view!
No target in view!
No target in view!
No target in view!
No target in view!
No target in view!
No target in view!
Things that are here:
a +0 short sword {short}; a kobold corpse A worm comes into view.
A worm is nearby!
An adder and an orc come into view.
Found an escape hatch in the floor.
The orc shouts!
A frilled lizard comes into view.
The frilled lizard hisses angrily.
The adder hisses angrily.
You hit the orc. The orc barely misses you.
You slash the orc!
You kill the orc!
You barely miss the worm. You hit the worm. The worm closely misses you.
You hit the worm. You kick the worm. The worm bites you.
HP[-5]
You take 5 damage, and now have 24/29 hp.
You hit the worm. Your kick misses the worm. You barely miss the worm.
You kick the worm, but do no damage. Your headbutt misses the worm.
The worm bites you!
* * * LOW HITPOINT WARNING * * *
HP[-11]
You take 11 damage, and now have 13/29 hp.
MASSIVE DAMAGE!! (PAUSE)
You completely miss the worm. Your kick misses the worm.
The worm completely misses you.
You barely miss the worm. You headbutt the worm.
You hit the worm but do no damage. You kick the worm, but do no damage.
The worm bites you!
* * * LOW HITPOINT WARNING * * *
HP[-7]
You take 7 damage, and now have 6/29 hp.
MASSIVE DAMAGE!! (PAUSE)
You hit the worm. You barely miss the worm. You kick the worm.
You kill the worm!
You hit the adder. The adder misses you. The adder bites you.
* * * LOW HITPOINT WARNING * * *
HP[-4]
You take 4 damage, and now have 2/29 hp.
You barely miss the adder. You kick the adder. Your headbutt misses the adder.
You punch the adder. The adder bites you.
You die...

Skill      XL: |  1  2  3 |
---------------+----------+-----
Axes           | 3 4 |  4.4
Fighting       | |  3.0
Dodging        | |  2.6
Stealth        | |  1.7

Action                   || total
-------------------------++-------
Melee: Hand axe          ||   113
       Headbutt          ||     8
       Punch             ||     3
       Kick              ||    14
 Stab: Sleeping          ||     4
Armor: Robe              ||     7
Dodge: Dodged            ||    59

Levels and vault maps discovered:
D:1:      nicolae_arrival_memento_mori, layout_loops_corners, serial_shops,
          nicolae_shop_hallway_stairs
D:2:      layout_rooms, serial_co_window_serial, co_window_corner_a,
          co_window_paths_a, co_window_paths_b, co_window_of_opportunity_a,
          co_window_paths_a, co_window_unsneaky_path_e, co_window_corner_b,
          co_window_2corner, co_window_corner_b, co_window_unsneaky_path_a,
          co_window_unsneaky_path_e, co_window_broadway_a, glass_columns_c,
          glass_columns_c, glass_columns_b, glass_columns_a, glass_columns_a,
          hellmonk_ecumenical_altar_inner_sanctum
D:3:      layout_loops_ring

Notes
Turn   | Place    | Note
-------+----------+-------------------------------------------
     0 | D:1      | zeratav the Demonspawn Monk began the quest for the Orb.
     0 | D:1      | Reached XP level 1. HP: 18/18 MP: 1/1
     0 | D:1      | magus.rc [v1.9.6]
    82 | D:1      | Reached skill level 3 in Axes
   487 | D:1      | You feel monstrous as your demonic heritage exerts itself.
   487 | D:1      | Discovered your monstrous ancestry.
   487 | D:1      | Gained mutation: You have a pair of small horns on your
                  | head. [demonic ancestry]
   487 | D:1      | Reached XP level 2. HP: 24/24 MP: 2/2
   494 | D:1      | Found Ziecy's Distillery.
  1509 | D:2      | You add the spells Malign Gateway and Summon Horrible
                  | Things to your library.
  1791 | D:2      | Gained mutation: You have large cloven feet. [demonic
                  | ancestry]
  1791 | D:2      | Reached XP level 3. HP: 21/29 MP: 3/3
  2003 | D:2      | You pick up a book of Hexes and begin reading...
  2003 | D:2      | You add the spells Inner Flame, Cause Fear and Discord to
                  | your library.
  2203 | D:2      | Found a faded altar of an unknown god.
  2216 | D:2      | Reached skill level 4 in Axes
  2958 | D:3      | Noticed an ogre
  3237 | D:3      | HP: 6/29 [worm (7)]
  3240 | D:3      | HP: 2/29 [adder (4)]
  3241 | D:3      | Slain by an adder

Vanquished Creatures
  An adder (D:3)
  2 worms
  2 dart slugs (D:1)
  2 orcs (D:3)
  3 bats (D:2)
  6 endoplasms
  3 goblins
  7 hobgoblins
  7 kobolds
  4 ball pythons
  A frilled lizard (D:2)
  4 rats
42 creatures vanquished.

Table legend:
 A = Non-vault XP
 B = Vault XP
 C = Vault XP percentage of total XP
 D = Non-vault monster count
 E = Vault monster count
 F = Vault count percentage of total count
                 A         B        C        D         E       F
            +---------+---------+-------+---------+---------+-------
      Total |      95 |       0 |   0.0 |      42 |       0 |   0.0
            +---------+---------+-------+---------+---------+-------
        D:1 |      30 |       0 |   0.0 |      15 |       0 |   0.0
        D:2 |      26 |       0 |   0.0 |      13 |       0 |   0.0
        D:3 |      39 |       0 |   0.0 |      14 |       0 |   0.0
            +---------+---------+-------+---------+---------+-------

Illustrated notes

Table legend:
 A = Kills in this place as a percentage of kills in entire the game.
 B = Kills by you in this place as a percentage of kills by you in the entire game.
 C = Kills by friends in this place as a percentage of kills by friends in the entire game.
 D = Other kills in this place as a percentage of other kills in the entire game.
 E = Experience gained in this place as a percentage of experience gained in the entire game.
 F = Experience gained in this place divided by the number of levels of this place that you have seen.
                   A       B       C       D       E      F
               +-------+-------+-------+-------+-------+----------------------
         Total | 100.0 | 100.0 |   N/A |   N/A | 100.0 |  31.7
       Dungeon | 100.0 | 100.0 |   N/A |   N/A | 100.0 |  31.7
               +-------+-------+-------+-------+-------+----------------------

Table legend: (Time is in decaauts)
 A = Elapsed time spent in this place.
 B = Non-inter-level travel time spent in this place.
 C = Inter-level travel time spent in this place.
 D = Time resting spent in this place.
 E = Time spent auto-exploring this place.
 F = Levels seen in this place.
 G = Mean time per level.
                   A        B        C        D        E       F      G
               +--------+--------+--------+--------+--------+-----+--------+
         Total |   3252 |   3147 |    105 |    566 |   2105 |   3 | 1084.0 |
       Dungeon |   3252 |   3147 |    105 |    566 |   2105 |   3 | 1084.0 |
               +--------+--------+--------+--------+--------+-----+--------+

Top non-repeatable levels by time:
     D:2: 1278 daAuts
     D:1: 1221 daAuts
     D:3: 752 daAuts
